 Dungeon Crawl Stone Soup version 0.32-a0-834-geaf45d8e21 (webtiles) character file.

Game seed: 16014350958874552361

29454 Fodor the Cleaver (level 13, -3/113 HPs)
             Began as a Minotaur Fighter on Mar 25, 2024.
             Was an Initiate of Gozag.
             Shot with an arrow by a centaur (5 damage)
             ... led by a centaur warrior
             ... on level 13 of the Dungeon.
             The game lasted 00:43:14 (9767 turns).

Fodor the Cleaver (Minotaur Fighter)                Turns: 9767, Time: 00:43:14

Health: -3/113     AC: 25    Str: 26    XL:     13   Next: 15%
Magic:  12/12      EV: 10    Int:  3    God:    Gozag
Gold:   232        SH: 12    Dex: 10    Spells: 12/12 levels left

rFire   + . .        a - +0 war axe
rCold   x . .        c - +1 buckler {AC+3}
rNeg    . . .        b - +1 chain mail
rPois   .            (helmet restricted)
rElec   .            l - +1 cloak
rCorr   .            g - +0 pair of gloves
SInv    .            D - +0 pair of boots
Will    .....        w - amulet of reflection Stlth
                     t - ring of fire
HPRegen 0.38/turn    H - +4 ring of protection
MPRegen 0.13/turn

%: reflection
@: gold aura
A: horns 2, retaliatory headbutt, [dopey 1]
a: Renounce Religion, Potion Petition, Call Merchant, Bribe Branch


You were on level 13 of the Dungeon.
You worshipped Gozag.
Gozag was aware of your devotion.
You visited 2 branches of the dungeon, and saw 14 of its levels.
You visited the Abyss 1 time.
You also visited: Sewer.

You collected 2050 gold pieces.
You spent 1765 gold pieces at shops.
You paid 53 gold pieces to Gozag.

Inventory:

Hand Weapons
 a - a +0 war axe (weapon)
 m - a +2 battleaxe
 E - a +0 orcbow
Missiles
 n - 2 boomerangs (quivered)
Armour
 b - a +1 chain mail (worn)
 c - a +1 buckler of protection (worn)
 g - a +0 pair of gloves (worn)
 l - a +1 cloak (worn)
 D - a +0 pair of boots (worn)
Jewellery
 j - a ring of resist corrosion
 t - a ring of fire (left hand)
 w - an amulet of reflection (around neck)
 H - a +4 ring of protection (right hand)
Talismans
 A - a beast talisman
Wands
 u - a wand of paralysis (7)
 v - a wand of digging (6)
 x - a wand of mindburst (11)
 I - a wand of light (6)
Scrolls
 e - 2 scrolls of revelation
 p - 4 scrolls of noise
 s - a scroll of vulnerability {unknown}
 y - 3 scrolls of teleportation
 F - 2 scrolls of poison
Potions
 d - 3 potions of might
 i - a potion of brilliance
 k - a potion of resistance
 o - a potion of enlightenment {unknown}
 q - a potion of curing
 r - 3 potions of haste {unknown}
 z - 2 potions of lignification {unknown}
 B - a potion of attraction {unknown}


   Skills:
 + Level 10.1 Fighting
 + Level 14.7 Axes
 + Level 5.0 Throwing
 + Level 11.0 Armour
 + Level 7.5 Dodging
 + Level 4.1 Stealth
 + Level 11.2 Shields
 + Level 0.1 Evocations


You had 12 spell levels left.
You didn't know any spells.
Your spell library contained the following spells:

 Spells                   Type           Power      Damage    Failure   Level
 Sandblast                Erth           0%         2d4       95%         1
 Sting                    Conj/Alch      0%         1d3       95%         1
 Cigotuvi's Dreadful Rot  Necr/Alch/Air  0%         N/A       98%         2
 Lesser Beckoning         Tloc           0%         N/A       98%         2
 Mercury Vapours          Alch/Air       0%         N/A       98%         2
 Gell's Gravitas          Tloc           0%         N/A       100%        3
 Sigil of Binding         Hex            0%         N/A       100%        3
 Stone Arrow              Conj/Erth      0%         3d7       100%        3
 Teleport Other           Tloc           0%         N/A       100%        3
 Brom's Barrelling Bould  Conj/Erth      0%         2d3       100%        4
 Dispel Undead            Necr           0%         3d6       100%        4
 Leda's Liquefaction      Alch/Erth      0%         N/A       100%        4
 Martyr's Knell           Necr/Summ      0%         N/A       100%        4
 Olgreb's Toxic Radiance  Alch           0%         N/A       100%        4
 Lee's Rapid Deconstruct  Erth           0%         3d4*      100%        5
 Death Channel            Necr           0%         N/A       100%        6
 Permafrost Eruption      Ice/Erth       0%         2x4d2     100%        6
 Sculpt Simulacrum        Ice/Alch       0%         N/A       100%        6


Dungeon Overview and Level Annotations

Branches:
Dungeon (13/15)            Temple (1/1) D:4            Lair (0/5) D:8
  Sewer (visited)
    Orc: D:9-12      Vaults: D:13-14

Altars:
Ashenzari
Cheibriados
Dithmenos
Elyvilon
Fedhas
Gozag
Hepliaklqana
Kikubaaqudgha
Makhleb
Nemelex Xobeh
Okawaru
Ru
Sif Muna
Trog
Uskayaw
Vehumet
Wu Jian
Xom
Yredelemnul
Zin
The Shining One

Shops:
D:2 (   D:4 [?!:   D:8 [


Innate Abilities, Weirdness & Mutations

You have a pair of horns on your head.
You reflexively headbutt those who attack you in melee.
[You are dopey. (Int -2)]


Message History

The centaur warrior hits you but does no damage.
The centaur warrior kicks you but does no damage.
You hit the centaur warrior. You headbutt the centaur warrior.
The centaur warrior is moderately wounded.
You block the centaur warrior's attack. x2
You slash the centaur warrior!
The centaur warrior is heavily wounded.
You hit the centaur.
The centaur hits you but does no damage.
The centaur misses you.
The centaur warrior hits you but does no damage.
You block the centaur warrior's attack.
The centaur wields a +0 orcbow.
The centaur shoots an arrow.
The arrow hits you but does no damage.
The centaur warrior wields a +0 shortbow.
The centaur warrior shoots an arrow.
The arrow hits you.
* * * LOW HITPOINT WARNING * * *
The centaur shoots an arrow.
You block the arrow with an invisible shield... and reflect it back!
The arrow barely misses the centaur.
You see here a +0 shortbow.
The centaur warrior shoots an arrow.
The arrow hits you!
* * * LOW HITPOINT WARNING * * *
Things that are here:
a +3 great mace; a +0 leather armour The centaur unwields a +0 orcbow.
The centaur hits you but does no damage.
The centaur barely misses you.
The centaur warrior unwields a +0 shortbow.
The centaur warrior barely misses you. You furiously retaliate!
You headbutt the centaur warrior. You block the centaur warrior's attack.
You see here a +0 shortbow.
You slash the centaur!
You kill the centaur!
You barely miss the centaur warrior.
You block the centaur warrior's attack. x2
A centaur comes into view.
The centaur wields a +0 orcbow.
The centaur shoots an arrow.
The arrow hits you.
You die...
Your body crumbles into a pile of gold.

'#####......#
............#
............#
#..>....#
#.....).#
#...c...#
#####c..# #$c.#
#@### #)# #.# #.#
#.# #.# #####.##
#≈≈ ≈#≈.#......#
#≈≈≈≈#≈§≈.#......#


You could see a centaur warrior and 2 centaurs.

Vanquished Creatures
  Harold (D:11)
  2 two-headed ogres
  2 centaur warriors (D:13)
  2 gargoyles (D:11)
  Psyche (D:11)
  2 trolls
  Prince Ribbit (D:7)
  A raiju (Abyss:1)
  A slime creature (D:13)
  A shadow (D:11)
  A fire elemental (D:13)
  Menkaure (D:5)
  6 water moccasins
  A sky beast (D:8)
  3 orc warriors
  5 black bears
  2 ogres
  4 centaurs
  A phantom (D:6)
  8 bullfrogs
  5 scorpions
  5 wights (D:9)
  14 killer bees
  An electric eel (D:8)
  4 howler monkeys
  3 hounds
  2 bombardier beetles
  4 jellies
  7 orc priests
  A gnoll bouda (D:6)
  4 sleepcaps
  4 iguanas
  Ijyb (D:5)
  8 orc wizards
  Terence (D:3)
  13 adders
  3 gnolls (D:8)
  2 white imps (D:5)
  2 ufetubi (D:5)
  2 ribbon worms
  11 dart slugs
  40 orcs
  8 ball pythons
  14 endoplasms
  10 giant cockroaches
  5 goblins
  6 hobgoblins
  7 kobolds
  2 quokkas
  6 bats
  13 frilled lizards
  4 rats
258 creatures vanquished.

Vanquished Creatures (others)
  A tengu warrior (D:13)
1 creature vanquished.

Grand Total: 259 creatures vanquished

Notes
Turn   | Place    | Note
-------+----------+-------------------------------------------
     0 | D:1      | Fodor the Minotaur Fighter began the quest for the Orb.
     0 | D:1      | Reached XP level 1. HP: 19/19 MP: 0/0
   136 | D:1      | Reached XP level 2. HP: 24/27 MP: 1/1
   716 | D:2      | Found Johibuj's Antique Weapon Shop.
   769 | D:2      | Reached skill level 3 in Axes
   793 | D:2      | Reached XP level 3. HP: 27/33 MP: 2/2
   855 | D:2      | You fall into a shaft and drop 1 floor!
  1046 | D:3      | Reached XP level 4. HP: 33/40 MP: 3/3
  1062 | D:3      | Reached skill level 4 in Axes
  1379 | D:3      | Noticed Terence
  1385 | D:3      | Killed Terence
  1386 | D:3      | Reached XP level 5. HP: 45/47 MP: 4/4
  1879 | D:4      | Found a staircase to the Ecumenical Temple.
  1888 | D:4      | Reached skill level 5 in Axes
  1888 | D:4      | Reached skill level 1 in Dodging
  1899 | Temple   | Entered the Ecumenical Temple
  1969 | Temple   | Became a worshipper of Gozag Ym Sagoz the Greedy
  2213 | D:4      | Noticed a walking divine tome
  2219 | D:4      | Found Dyabirusm's Book Boutique.
  2219 | D:4      | Noticed a walking earthen tome
  2461 | D:4      | Reached XP level 6. HP: 28/53 MP: 5/5
  2567 | D:4      | Found Nitudoump's Armour Emporium.
  2572 | D:4      | Found Qiso's Distillery.
  2595 | D:4      | Bought a potion of heal wounds for 70 gold pieces
  2595 | D:4      | Bought a potion of curing for 42 gold pieces
  2691 | D:4      | Found Amanen's Magic Scroll Boutique.
  2695 | D:4      | Bought a scroll of identify for 26 gold pieces
  2886 | D:5      | Entered Level 5 of the Dungeon
  2931 | D:5      | Noticed Menkaure
  2937 | D:5      | Reached skill level 6 in Axes
  2945 | D:5      | Killed Menkaure
  2946 | D:5      | Reached skill level 5 in Armour
  2946 | D:5      | Reached skill level 5 in Shields
  2998 | D:5      | Noticed Ijyb
  3001 | D:5      | Noticed a water moccasin
  3004 | D:5      | Killed Ijyb
  3005 | D:5      | Reached skill level 5 in Fighting
  3006 | D:5      | Killed a water moccasin
  3007 | D:5      | Reached XP level 7. HP: 61/61 MP: 6/6
  3028 | D:5      | Found a shimmering blue altar of Sif Muna.
  3119 | D:5      | Reached skill level 7 in Axes
  3230 | D:5      | Found a glowing drain.
  3250 | Sewer    | Entered a sewer
  3851 | D:5      | Reached XP level 8. HP: 51/69 MP: 7/7
  3930 | D:5      | Found an ancient bone altar of Kikubaaqudgha.
  3930 | D:5      | Found a sparkling altar of Nemelex Xobeh.
  3932 | D:5      | Found a burning altar of Makhleb.
  4012 | D:5      | Reached skill level 8 in Axes
  4274 | D:4      | Bought a potion of curing for 42 gold pieces
  4274 | D:4      | Bought a potion of curing for 42 gold pieces
  4295 | D:4      | Bought a scroll of identify for 26 gold pieces
  4295 | D:4      | Bought a scroll of identify for 26 gold pieces
  4295 | D:4      | Bought a scroll of fear for 52 gold pieces
  4640 | D:6      | Reached skill level 9 in Axes
  5535 | D:7      | Noticed Prince Ribbit
  5549 | D:7      | Killed Prince Ribbit
  5550 | D:7      | Reached skill level 10 in Axes
  5550 | D:7      | Reached XP level 9. HP: 68/78 MP: 8/8
  6369 | D:8      | Reached skill level 11 in Axes
  6369 | D:8      | Reached skill level 1 in Stealth
  6385 | D:8      | Reached skill level 1 in Throwing
  6476 | D:8      | Found a staircase to the Lair.
  6628 | D:8      | Found Hoaditit's Antique Armour Shop.
  6664 | D:8      | Reached XP level 10. HP: 85/86 MP: 9/9
  7254 | D:9      | Reached skill level 12 in Axes
  7734 | D:9      | Upgraded the game from 0.32-a0-818-gb728d0252e to
                  | 0.32-a0-834-geaf45d8e21
  7757 | D:10     | Entered Level 10 of the Dungeon
  7890 | D:10     | Noticed a two-headed ogre
  7906 | D:10     | Killed a two-headed ogre
  8332 | D:11     | Noticed a two-headed ogre
  8338 | D:11     | Killed a two-headed ogre
  8466 | D:11     | Noticed a gargoyle
  8473 | D:11     | Killed a gargoyle
  8504 | D:11     | Noticed a gargoyle
  8509 | D:11     | Killed a gargoyle
  8525 | D:11     | Reached skill level 13 in Axes
  8615 | D:11     | Noticed Psyche
  8629 | Abyss:1  | Cast into level 1 of the Abyss (Psyche)
  8648 | Abyss:1  | Noticed a wretched star
  8679 | D:11     | Escaped the Abyss
  8687 | D:11     | Killed Psyche
  8688 | D:11     | Reached XP level 11. HP: 29/94 MP: 10/10
  9085 | D:4      | Bought 2 potions of experience for 1400 gold pieces
  9087 | D:4      | Reached skill level 10 in Armour
  9087 | D:4      | Reached skill level 10 in Shields
  9087 | D:4      | Reached XP level 12. HP: 104/104 MP: 11/11
  9088 | D:4      | Reached skill level 14 in Axes
  9088 | D:4      | Reached skill level 5 in Throwing
  9088 | D:4      | Reached XP level 13. HP: 113/113 MP: 12/12
  9126 | D:4      | Bought a scroll of teleportation for 39 gold pieces
  9296 | D:11     | Noticed Harold
  9333 | D:11     | Killed Harold
  9698 | D:13     | Reached skill level 10 in Fighting
  9765 | D:13     | HP: 1/113 [centaur warrior/arrow (10)]
  9767 | D:13     | Shot with an arrow by a centaur

Illustrated notes

Levels and vault maps discovered:
D:1:      dpeg_arrival_central, layout_basic
D:2:      cheibrodos_old_hovel, layout_loops_ring, serial_shops, shop
D:3:      layout_loops_ring, minivault_5, uniq_terence
D:4:      layout_basic, minmay_temple_entry_mini_moons, serial_shops,
          shop_statue, nicolae_shop_industrial_runoff, shop,
          nicolae_shop_mannequins
D:5:      wander_river, layout_basic, nicolae_overflow_hidden_temple,
          portal_sewer_entry_b, uniq_menkaure, uniq_ijyb
D:6:      layout_cave_pods, grunt_tough_drop
D:7:      layout_loops_ring, kennysheep_nub, uniq_prince_ribbit1
D:8:      layout_cave_pools, due_lair_maze_entry_diamond, serial_shops,
          shop_statue, lightli_minifort
D:9:      layout_cave_pools
D:10:     nicolae_cairo_tiling_large, layout_basic
D:11:     layout_gridville, xom_teletrap_fun, uniq_harold, uniq_psyche
D:12:     gammafunk_the_bubble [the_bubble_gammafunk_plus_minus], layout_rooms,
          hiddenorc2_lemuel, portal_ice_cave_entry_animals_and_master,
          lightli_wizard_tower
D:13:     layout_irregular_city, ebering_ghost_gozag, st_stairs_10,
          nicolae_lava_and_water, nicolae_diode_basic
Temple:   minmay_crystal_spiral_temple

Skill      XL: |  1  2  3  4  5  6  7  8  9 10 11 12 13 |
---------------+----------------------------------------+-----
Fighting       | 4 5 6 7 8 9 10 | 10.1
Shields        | 4 5 6 7 9 10 11 | 11.2
Axes           | 3 4 5 6 7 10 11 13 14 | 14.7
Armour         | 4 5 7 8 9 10 11 | 11.0
Dodging        | 1 2 4 6 7 |  7.5
Stealth        | 1 3 4 |  4.1
Throwing       | 1 2 4 5 |  5.0
Evocations     | |  0.1

Action                     |  1- 3 |  4- 6 |  7- 9 | 10-12 | 13-15 || total
---------------------------+-------+-------+-------+-------+-------++-------
  Melee: War axe           |    72 |   134 |   342 |   144 |    72 ||   764
         Headbutt          |     5 |    15 |    60 |    24 |    12 ||   116
  Throw: Boomerang         |       |       |    12 |    18 |       ||    30
  Evoke: Wand              |       |       |       |       |     3 ||     3
    Use: Scroll            |       |     5 |     6 |     4 |     3 ||    18
         Potion            |       |       |       |     8 |     3 ||    11
   Stab: Distracted        |       |     1 |     2 |       |       ||     3
         Invisible         |       |       |       |       |     2 ||     2
 Armour: Scale mail        |    46 |    90 |   132 |       |       ||   268
         Chain mail        |       |       |   149 |   110 |    92 ||   351
  Dodge: Dodged            |    31 |    45 |   156 |    60 |    54 ||   346
  Block: Buckler           |    18 |    41 |   175 |    94 |    78 ||   406
         Reflection        |       |       |     3 |     2 |     2 ||     7

Table legend: (Time is in decaauts)
 A = Elapsed time spent in this place.
 B = Non-inter-level travel time spent in this place.
 C = Inter-level travel time spent in this place.
 D = Time resting spent in this place.
 E = Time spent auto-exploring this place.
 F = Levels seen in this place.
 G = Mean time per level.
                   A        B        C        D        E       F      G
               +--------+--------+--------+--------+--------+-----+--------+
         Total |   9978 |   9200 |    778 |    231 |   5417 |  16 |  623.6 |
       Dungeon |   9263 |   8614 |    649 |    231 |   5330 |  13 |  712.5 |
        Temple |    142 |     13 |    129 |      0 |      0 |   1 |  142.0 |
         Abyss |     51 |     51 |      0 |      0 |      4 |   1 |   51.0 |
         Sewer |    520 |    520 |      0 |      0 |     83 |   1 |  520.0 |
               +--------+--------+--------+--------+--------+-----+--------+

Top non-repeatable levels by time:
     D:6: 1270 daAuts
     D:4: 1209 daAuts
     D:5: 1030 daAuts
     D:3: 999 daAuts
     D:7: 931 daAuts
     D:8: 810 daAuts
     D:1: 730 daAuts
     D:9: 708 daAuts
    D:10: 616 daAuts
   Sewer: 520 daAuts
    D:11: 423 daAuts
    D:13: 380 daAuts
     D:2: 144 daAuts
  Temple: 142 daAuts
 Abyss:1: 51 daAuts
